 Dungeon Crawl Stone Soup version 0.20-a0-9-g62d82d9 (webtiles) character file.

28 patrickswayze the Cudgeler (level 3, 0/26 HPs)
             Began as an Octopode Fighter on Nov 1, 2016.
             Slain by an adder (4 damage)
             ... on level 1 of the Dungeon.
             The game lasted 00:01:17 (883 turns).

patrickswayze the Cudgeler (Octopode Fighter)        Turns: 883, Time: 00:01:17

Health: 0/26       AC:  1    Str: 20    XL:     3   Next: 14%
Magic:  3/3        EV: 11    Int: 11    God:
Gold:   31         SH:  9    Dex: 11    Spells: 0 memorised, 2 levels left

rFire  . . .     SeeInvis .     a - +0 flail
rCold  . . .     Gourm    .     b - +0 shield
rNeg   . . .     Faith    .     (helmet restricted)
rPois  .         Spirit   .     (no amulet)
rElec  .         Reflect  .     (no ring)
rCorr  .         Harm     .     (no ring)
MR     .....                    (no ring)
Stlth  ++........               (no ring)
                                (no ring)
                                (no ring)
                                (no ring)
                                (no ring)

@: mighty, lethally poisoned (0 -> -7)
A: almost no armour, stealthy swim, amphibious, 8 rings, constrict 8, camouflage
1, gelatinous body 1
a: no special abilities


You were on level 1 of the Dungeon.
You were not hungry.

You visited 1 branch of the dungeon, and saw 2 of its levels.

You collected 31 gold pieces.


Innate Abilities, Weirdness & Mutations

You cannot wear most types of armour.
You are very stealthy in the water. (Stealth+)
You are amphibious.
You can wear up to eight rings at the same time.
You can use your tentacles to constrict eight enemies at once.
Your skin changes colour to match your surroundings (Stealth+).
Your rubbery body absorbs attacks. (AC +1, EV +1)


   Skills:
 - Level 3.0 Fighting
 + Level 3.5 Maces & Flails
 - Level 3.0 Dodging
 - Level 3.0 Shields


You had 2 spell levels left.
You didn't know any spells.

Inventory:

Hand Weapons
 a - a +0 flail (weapon)
 i - a +2 antimagic dagger
Armour
 b - a +0 shield (worn)
Jewellery
 e - a cursed amulet of magic regeneration
 g - a cursed amulet of inaccuracy {unknown}
Scrolls
 f - a scroll of enchant weapon {unknown}
Potions
 h - a potion of lignification {unknown}
Comestibles
 d - a bread ration


Message History

You block the adder's attack. The adder barely misses you.
The adder barely misses you.
You see here a stone.
There is a stone staircase leading up here.
The adder bites you.
You are poisoned.
The adder poisons you! The adder bites you.
You are more poisoned.
The adder poisons you! You block the adder's attack.
You climb upwards.
You feel sick.
There is a stone staircase leading down here.
You feel very mighty all of a sudden.
You feel sick. The adder bites you. x2
* * * LOW HITPOINT WARNING * * *
Unknown command.
You barely miss the adder. You grab the adder. You constrict the adder.
* * * LOW HITPOINT WARNING * * *
You feel sick. The adder bites you.
You die...

..................#.#.#.##
###.###.###.###...#.)....#
........# #.###...#......#
....#######..##...#......#
....#....'...##...#......#
....#....#..###..........#
....######..#.#..##......#
....#####..##'#S.##......#
....#..##..'..#.@#########
....#..##..#..###S...#
..%.#..'...#..# #....#
....####..##.<# #....# ###.#
#..###### #....# #.# ##.#
#....# #.# #..# ######....#
#.###.####.........########
###.......(.................#


You could see 2 adders.

Vanquished Creatures
  A dart slug (D:1)
  2 leopard geckos (D:1)
  3 bats (D:1)
  5 goblins (D:1)
  4 hobgoblins (D:1)
  4 kobolds (D:1)
  2 rats (D:1)
21 creatures vanquished.

Notes
Turn   | Place    | Note
-------+----------+-------------------------------------------
     0 | D:1      | patrickswayze the Octopode Fighter began the quest for the Orb.
     0 | D:1      | Reached XP level 1. HP: 16/16 MP: 1/1
   131 | D:1      | Reached XP level 2. HP: 21/21 MP: 2/2
   302 | D:1      | Reached skill level 3 in Maces & Flails
   600 | D:1      | Reached XP level 3. HP: 26/26 MP: 3/3
   820 | D:2      | Noticed a hand axe
   820 | D:2      | Noticed a dagger
   823 | D:2      | Found a hide-covered altar of Uskayaw.
   882 | D:1      | HP: 5/26 [adder (4)]
   883 | D:1      | Slain by an adder

Vault maps used:
D:1:      dpeg_arrival_short_road, kennysheep_pointless_box, minivault_23
D:2:      dancing_weapons_uskayaw

Action                   || total
-------------------------++-------
Melee: Flail             ||    43
       Tentacles         ||     8
       Constrict         ||    12
  Use: Scroll            ||     2
       Potion            ||     1
 Stab: Sleeping          ||     4
Armor: Skin              ||     7
Dodge: Dodged            ||    20
Block: Shield            ||    28
